 Dungeon Crawl Stone Soup version 0.31-a0-640-g39d97e502b (webtiles) character file.

Game seed: 18069605577639000239

187 Sanktem7 the Chopper (level 5, -20/47 HPs)
             Began as a Minotaur Fighter on Aug 29, 2023.
             Demolished by an ogre
             ... wielding a +0 giant spiked club
              (25 damage)
             ... on level 4 of the Dungeon.
             The game lasted 00:03:29 (2477 turns).

Sanktem7 the Chopper (Minotaur Fighter)             Turns: 2477, Time: 00:03:30

Health: -20/47     AC:  7    Str: 22    XL:     5   Next: 39%
Magic:  4/4        EV:  9    Int:  5    God:
Gold:   172        SH:  4    Dex: 10    Spells: 4/4 levels left

rFire   . . .        a - +0 war axe {axe}
rCold   . . .        c - +0 buckler
rNeg    . . .        b - +0 scale mail
rPois   .            (helmet restricted)
rElec   .            (no cloak)
rCorr   .            (no gloves)
SInv    .            (no boots)
Will    .....        (no amulet) Stlth
                     (no ring)
HPRegen 0.27/turn    (no ring)
MPRegen 0.09/turn

%: no passive effects
@: no status effects
A: horns 2, retaliatory headbutt
a: no special abilities


You were on level 4 of the Dungeon.
You visited 1 branch of the dungeon, and saw 4 of its levels.

You collected 172 gold pieces.


Innate Abilities, Weirdness & Mutations

You have a pair of horns on your head.
You reflexively headbutt those who attack you in melee.


   Skills:
 + Level 4.6 Fighting
 * Level 4.7 Axes
 + Level 4.6 Armour
 + Level 4.6 Shields


You had 4 spell levels left.
You didn't know any spells.
Your spell library contained the following spells:

 Spells                   Type           Power      Damage    Failure   Level
 Foxfire                  Conj/Fire      0%         2x1d4     85%         1
 Magic Dart               Conj           0%         1d3       85%         1
 Shock                    Conj/Air       0%         1d3       85%         1
 Searing Ray              Conj           0%         2d4       94%         2
 Swiftness                Air            0%         N/A       99%         3
 Airstrike                Air            0%         2d(0-16)  100%        4
 Fulminant Prism          Conj/Hex       0%         3d5       100%        4
 Plasma Beam              Fire/Air       0%         2x1d10    100%        6
 Starburst                Conj/Fire      0%         6d3       100%        6

Inventory:

Hand Weapons
 a - a +0 war axe (weapon) {axe}
Missiles
 h - 2 javelins {throwing}
 l - 3 poisoned darts {throwing}
 m - 9 stones {throwing}
Armour
 b - a +0 scale mail (worn)
 c - a +0 buckler (worn)
Jewellery
 s - a +4 ring of protection
   (You found it on level 4 of the Dungeon)
Wands
 r - a wand of flame (17)
   (You took it off a kobold on level 3 of the Dungeon)
Scrolls
 i - a scroll of enchant weapon {unknown}
 j - 2 scrolls of fear {unknown}
 k - 2 scrolls of poison {unknown}
 n - a scroll of torment {unknown}
 o - 2 scrolls of identify {unknown}
 t - a scroll of fog {unknown}
Potions
 d - a potion of might
 e - a potion of brilliance {unknown}
 f - a potion of mutation {unknown}
 g - a potion of ambrosia {unknown}
 p - a potion of curing {unknown}
 q - a potion of experience {unknown}

Dungeon Overview and Level Annotations

Branches:
Dungeon (4/15) Zot: 21479
 Temple: D:4-7

Altars:
Cheibriados
Hepliaklqana
Uskayaw

#. .# .## .#
..#. .#
#...###.#####
..##.......#
#.##.......# .#
####.##.O......
.
#......@J......
##..
#.........:...#
#...
#.............#
#.#.#
#.....#########
#.#.. #.....#
#†##.##†....#
####.##.#......#
#....##........#
#....###†#.....#


You could see an ogre and an endoplasm.


Message History

No target in view!
No target in view!
No target in view!
No target in view!
No target in view!
No target in view!
No target in view!
No target in view!
No target in view!
No target in view!
No target in view!
No target in view!
No target in view!
No target in view!
No target in view!
s - a +4 ring of protection A black bear comes into view.
The black bear growls angrily.
A black bear is nearby!
A black bear is nearby!
The black bear closely misses you. You furiously retaliate!
You headbutt the black bear!
The black bear claws you but does no damage.
You block the black bear's attack.
A hobgoblin comes into view.
The hobgoblin shouts!
You slash the black bear!
You kill the black bear!
Your life force feels restored.
You have reached level 5! 😕 HP[+7] MP[+1]
You now have 47 max hp (+8).
You regained 7 hp, and now have 46/47 hp.
Your mp is fully restored (4).
You see here a black bear corpse. 😎 HP[+1]
Your hp is fully restored (47).
The hobgoblin hits you but does no damage.
You slash the hobgoblin!
You kill the hobgoblin!
A ball python comes into view.
You see here a hobgoblin corpse.
You see here a scroll labelled CUNUETAOCE.
You slash the ball python!
You kill the ball python!
No target in view!
No target in view!
No target in view!
No target in view!
No target in view!
No target in view!
No target in view!
No target in view!
No target in view!
No target in view!
No target in view!
No target in view!
No target in view!
No target in view!
No target in view!
No target in view!
No target in view!
No target in view!
No target in view!
No target in view!
No target in view!
No target in view!
t - a scroll labelled CUNUETAOCE An ogre comes into view.
It is wielding a +0 giant spiked club.
The ogre shouts!
An ogre is nearby!
An ogre is nearby!
An ogre is nearby!
A quokka comes into view.
An endoplasm comes into view.
The endoplasm quivers.
The ogre hits you with a +0 giant spiked club!!
Ouch! That really hurt!
* * * LOW HITPOINT WARNING * * *
😨 HP[-27]
You take 27 damage, and now have 20/47 hp.
MASSIVE DAMAGE!! (PAUSE)
You hit the ogre. Your headbutt misses the ogre. You closely miss the quokka.
The quokka barely misses you. You furiously retaliate!
You headbutt the quokka!
You kill the quokka!
The ogre barely misses you.
You hit the ogre but do no damage.
The endoplasm jiggles. 😨 HP[+1]
You hit the ogre.
The ogre hits you with a +0 giant spiked club!
* * * LOW HITPOINT WARNING * * *
The endoplasm closely misses you. 😱 HP[-16]
You take 16 damage, and now have 5/47 hp.
MASSIVE DAMAGE!! (PAUSE)
You hit the ogre. You hit the endoplasm.
The ogre hits you with a +0 giant spiked club!!
Ouch! That really hurt!
You die...

Skill      XL: |  1  2  3  4 |
---------------+-------------+-----
Axes           | 3 4 |  4.7
Armour         | 4 |  4.6
Shields        | 4 |  4.6
Fighting       | 4 |  4.6

Action                     |  1- 3 |  4- 6 || total
---------------------------+-------+-------++-------
  Melee: War axe           |    84 |    36 ||   120
         Headbutt          |    17 |     5 ||    22
 Armour: Scale mail        |    47 |    20 ||    67
  Dodge: Dodged            |    41 |    19 ||    60
  Block: Buckler           |    21 |     5 ||    26

Levels and vault maps discovered:
D:1:      wander_arrival_estate, layout_loops_ring
D:2:      layout_loops_ring, serial_forest, infiniplex_forest_join,
          infiniplex_forest_end_2, infiniplex_forest_lined_room_3,
          infiniplex_forest_straight_2, infiniplex_forest_zigzag_2,
          infiniplex_forest_3_way, infiniplex_forest_corner_1
D:3:      layout_loops_ring, nicolae_hepliaklqana_monster_ancestors,
          mainiacjoe_overflow_concentric_impassable
D:4:      layout_rooms, mainiacjoe_overflow_six_doors_small,
          overflow_temple_1_default, uniq_natasha, uniq_menkaure

Notes
Turn   | Place    | Note
-------+----------+-------------------------------------------
     0 | D:1      | Sanktem7 the Minotaur Fighter began the quest for the Orb.
     0 | D:1      | Reached XP level 1. HP: 19/19 MP: 0/0
     0 | D:1      | magus.rc [v1.9.6]
    68 | D:1      | You pick up a book of Conjurations {@e2} and begin
                  | reading...
    68 | D:1      | You add the spells Magic Dart, Searing Ray and Fulminant
                  | Prism to your library.
   146 | D:1      | You pick up a book of Air and begin reading...
   146 | D:1      | You add the spells Shock, Swiftness and Airstrike to your
                  | library.
   667 | D:2      | Reached XP level 2. HP: 27/27 MP: 1/1
   704 | D:2      | You pick up a book of Fire and begin reading...
   704 | D:2      | You add the spells Foxfire, Plasma Beam and Starburst to
                  | your library.
   761 | D:2      | Reached skill level 3 in Axes
   768 | D:2      | HP: 6/27 [poisoned by an adder]
  1056 | D:2      | Reached skill level 4 in Armour
  1120 | D:2      | Reached skill level 4 in Shields
  1120 | D:2      | Reached XP level 3. HP: 33/33 MP: 2/2
  1168 | D:2      | Reached skill level 4 in Fighting
  1671 | D:3      | Reached XP level 4. HP: 35/40 MP: 3/3
  1898 | D:3      | Reached skill level 4 in Axes
  2037 | D:3      | Found a hide-covered altar of Uskayaw.
  2373 | D:3      | Found a hazy altar of Hepliaklqana.
  2444 | D:4      | Noticed an ogre
  2444 | D:4      | Found a snail-covered altar of Cheibriados.
  2457 | D:4      | Noticed a black bear
  2460 | D:4      | Killed a black bear
  2461 | D:4      | Reached XP level 5. HP: 46/47 MP: 4/4
  2470 | D:4      | Noticed an ogre
  2476 | D:4      | HP: 5/47 [ogre/+0 giant spiked club (16)]
  2477 | D:4      | Demolished by an ogre

Vanquished Creatures
  A black bear (D:4)
  2 adders
  3 gnolls (D:2)
  2 worms
  An orc (D:3)
  A ball python (D:4)
  7 endoplasms
  2 giant cockroaches
  A goblin (D:3)
  7 hobgoblins
  A quokka (D:4)
  7 bats
  4 frilled lizards
  6 kobolds
  2 rats
  A spectral kobold (D:3)
48 creatures vanquished.

Table legend:
 A = Non-vault XP
 B = Vault XP
 C = Vault XP percentage of total XP
 D = Non-vault monster count
 E = Vault monster count
 F = Vault count percentage of total count
                 A         B        C        D         E       F
            +---------+---------+-------+---------+---------+-------
      Total |     266 |       2 |   0.7 |      46 |       2 |   4.2
            +---------+---------+-------+---------+---------+-------
        D:1 |       8 |       0 |   0.0 |       6 |       0 |   0.0
        D:2 |      82 |       0 |   0.0 |      18 |       0 |   0.0
        D:3 |      44 |       2 |   4.3 |      17 |       2 |  10.5
        D:4 |     132 |       0 |   0.0 |       5 |       0 |   0.0
            +---------+---------+-------+---------+---------+-------

Skill      XL: |  1  2  3  4 |
---------------+-------------+-----
Axes           | 3 4 |  4.7
Armour         | 4 |  4.6
Shields        | 4 |  4.6
Fighting       | 4 |  4.6

Action                     |  1- 3 |  4- 6 || total
---------------------------+-------+-------++-------
  Melee: War axe           |    84 |    36 ||   120
         Headbutt          |    17 |     5 ||    22
 Armour: Scale mail        |    47 |    20 ||    67
  Dodge: Dodged            |    41 |    19 ||    60
  Block: Buckler           |    21 |     5 ||    26

Illustrated notes

Table legend:
 A = Kills in this place as a percentage of kills in the entire game.
 B = Kills by you in this place as a percentage of kills by you in the entire game.
 C = Kills by friends in this place as a percentage of kills by friends in the entire game.
 D = Other kills in this place as a percentage of other kills in the entire game.
 E = Experience gained in this place as a percentage of experience gained in the entire game.
 F = Experience gained in this place divided by the number of levels of this place that you have seen.
                   A       B       C       D       E      F
               +-------+-------+-------+-------+-------+----------------------
         Total | 100.0 | 100.0 |   N/A |   N/A | 100.0 |  67.0
       Dungeon | 100.0 | 100.0 |   N/A |   N/A | 100.0 |  67.0
               +-------+-------+-------+-------+-------+----------------------

Table legend: (Time is in decaauts)
 A = Elapsed time spent in this place.
 B = Non-inter-level travel time spent in this place.
 C = Inter-level travel time spent in this place.
 D = Time resting spent in this place.
 E = Time spent auto-exploring this place.
 F = Levels seen in this place.
 G = Mean time per level.
                   A        B        C        D        E       F      G
               +--------+--------+--------+--------+--------+-----+--------+
         Total |   2518 |   2442 |     76 |      0 |   2081 |   4 |  629.5 |
       Dungeon |   2518 |   2442 |     76 |      0 |   2081 |   4 |  629.5 |
               +--------+--------+--------+--------+--------+-----+--------+

Top non-repeatable levels by time:
     D:2: 1010 daAuts
     D:3: 822 daAuts
     D:1: 651 daAuts
     D:4: 34 daAuts
